 Dungeon Crawl Stone Soup version 0.31.0-11-ge490571c62 (webtiles) character file.

Game seed: 11605310017020273697

889 qw the Skirmisher (level 7, 0/40 HPs)
             Began as a Deep Elf Hunter on Feb 3, 2024.
             Slain by a scorpion (1 damage)
             ... on level 5 of the Dungeon.
             The game lasted 00:00:17 (3468 turns).

qw the Skirmisher (Deep Elf Hunter)                 Turns: 3468, Time: 00:00:18

Health: 0/40       AC: 11    Str: 10    XL:     7   Next: 77%
Magic:  0/9        EV: 12    Int: 14    God:
Gold:   218        SH:  0    Dex: 21    Spells: 6/6 levels left

rFire   . . .        a - +0 shortbow (heavy)
rCold   + . .        (shield currently unavailable)
rNeg    . . .        p - +1 ring mail of the Ant {rC+ Dex+3}
rPois   .            c - +0 helmet
rElec   .            (no cloak)
rCorr   .            e - +2 pair of gloves
SInv    .            j - +0 pair of boots
Will    .....        k - amulet of guardian spirit
Stlth   +            (no ring)
HPRegen 0.26/turn    (no ring)
MPRegen 0.11/turn

%: guardian spirit
@: lethally poisoned (0 -> -1), about to teleport
A: no striking features
a: no special abilities


You were on level 5 of the Dungeon.
You visited 1 branch of the dungeon, and saw 5 of its levels.
You also visited: Sewer.

You collected 218 gold pieces.


   Skills:
 - Level 2.0 Fighting
 + Level 11.8 Ranged Weapons
 - Level 1.0 Armour
 - Level 4.0 Dodging
 - Level 1.2 Stealth


You had 6 spell levels left.
You didn't know any spells.
Your spell library was empty.

Inventory:

Hand Weapons
 a - a +0 heavy shortbow (weapon)
Armour
 c - a +0 helmet (worn)
 e - a +2 pair of gloves (worn)
 i - the +1 scale mail "Ekezoe" {Regen+ Str+3}
   (You found it in a sewer)

   Str+3:     It affects your strength (+3).
   Regen+:    It increases your rate of health regeneration.
 j - a +0 pair of boots (worn)
 p - the +1 ring mail of the Ant (worn) {rC+ Dex+3}
   (You found it on level 3 of the Dungeon)

   Dex+3:     It affects your dexterity (+3).
   rC+:       It protects you from cold.
Jewellery
 k - an amulet of guardian spirit (around neck)
 o - an amulet of the acrobat
Wands
 g - a wand of polymorph (5)
Scrolls
 d - a scroll of brand weapon
 h - a scroll of identify
 m - a scroll of teleportation
Potions
 b - 4 potions of curing
 f - a potion of enlightenment
 l - a potion of magic {unknown}
 n - a potion of cancellation {unknown}
 q - a potion of heal wounds {unknown}

Dungeon Overview and Level Annotations

Branches:
Dungeon (5/15)              Sewer (visited)
 Temple: D:4-7

Altars:
Trog


Message History

The orc warrior closely misses you.
The scorpion stings you but does no damage.
You shoot an arrow.
The arrow barely misses the orc warrior.
The orc warrior completely misses you. The scorpion barely misses you.
You shoot an arrow. The arrow hits the orc warrior!
The orc warrior is almost dead.
The scorpion closely misses you.
The orc warrior hits you with a +0 long sword.
The orc hits you but does no damage. The scorpion closely misses you.
The orc misses you.
The orc warrior hits you with a +0 long sword!
You shoot an arrow.
The arrow closely misses the orc warrior.
The scorpion stings you.
You are poisoned.
The scorpion poisons you! The orc warrior misses you.
The orc barely misses you. The scorpion misses you.
You shoot an arrow.
The arrow hits the orc warrior but does no damage.
The orc warrior is almost dead.
You feel very sick. The orc warrior misses you. The orc misses you.
The scorpion stings you but does no damage.
The orc hits you with a +0 flail.
The orc warrior hits you with a +0 long sword.
3466 ||| READING 2 scrolls of teleportation.
As you read the scroll of teleportation, it crumbles to dust.
You feel strangely unstable.
You feel sick.
The scorpion stings you but does no damage.
The orc warrior hits you with a +0 long sword.
The orc closely misses you.
You shoot an arrow. The arrow hits the orc warrior!
You kill the orc warrior!
You feel sick. The scorpion misses you. The scorpion barely misses you.
The orc hits you but does no damage.
You shoot an arrow. The arrow closely misses the scorpion.
You feel sick. The scorpion stings you.
You die...

..........#
###########.#.# .
........# #.#.#
#...#####.###.#.########
........................
...#####.........######
...|...#.........#
##.#.#o#.#.#>#.#.###
#.....s@...........####
##.#.#$#.#.#.#.#.#....#
..............###.#
#.#.#.#.#.#.#.#..#.#
..[.............#.#.#
#.#.#.#.#.#.#.#.##.#.#
#....####.......#.#.#.#
#... #.....#####...#.#
#.....#####.###.#


You could see a scorpion and an orc.

Vanquished Creatures
  An orc warrior (D:5)
  Pargi (Sewer)
  A black bear (D:4)
  A kobold brigand (D:4)
  A bullfrog (D:4)
  2 bombardier beetles
  3 hounds
  An iguana (D:5)
  Jessica (D:2)
  Natasha (thrice) (D:2)
  9 adders
  A dart slug (D:4)
  A ribbon worm (D:4)
  4 bats
  8 endoplasms
  10 giant cockroaches
  7 goblins
  6 hobgoblins
  10 jackals
  5 quokkas
  7 ball pythons
  5 frilled lizards
  15 kobolds
  5 rats
108 creatures vanquished.

Notes
Turn   | Place    | Note
-------+----------+-------------------------------------------
     0 | D:1      | qw the Deep Elf Hunter began the quest for the Orb.
     0 | D:1      | Reached XP level 1. HP: 12/12 MP: 3/3
     0 | D:1      | 0 ||| qw: Version: 0.3-a-158-g18b3111
     0 | D:1      | 0 ||| qw: Game counter: 4103
     0 | D:1      | 0 ||| qw: Melee chars always use a shield: true
     0 | D:1      | 0 ||| qw: God list: Okawaru
     0 | D:1      | 0 ||| qw: Allow faded altars: false
     0 | D:1      | 0 ||| qw: Do Orc after clearing Dungeon:15 true
     0 | D:1      | 0 ||| qw: Do second Lair branch before Depths: true
     0 | D:1      | 0 ||| qw: Lair rune preference: random
     0 | D:1      | 0 ||| qw: Goals: Normal
     0 | D:1      | 0 ||| PLANNING D:1-11
   187 | D:1      | Reached XP level 2. HP: 16/16 MP: 4/4
   189 | D:1      | Reached skill level 6 in Ranged Weapons
   575 | D:1      | Reached XP level 3. HP: 20/20 MP: 5/5
   726 | D:1      | Found a faded altar of an unknown god.
   767 | D:1      | 767 ||| UPGRADING to +1 pair of gloves.
   772 | D:1      | 772 ||| UPGRADING to +0 ring mail.
   782 | D:1      | 782 ||| DROPPING +0 leather armour.
   783 | D:1      | 783 ||| UPGRADING to amulet of guardian spirit.
   788 | D:1      | 788 ||| READING 4 scrolls labelled ZEWNA TUAFUDOGG.
   788 | D:1      | 788 ||| BRANDING +0 shortbow.
   789 | D:1      | 789 ||| READING 3 scrolls of brand weapon.
   789 | D:1      | 789 ||| BRANDING +0 shortbow of draining.
   790 | D:1      | 790 ||| READING 2 scrolls of brand weapon.
   790 | D:1      | 790 ||| BRANDING +0 shortbow of flaming.
   791 | D:1      | 791 ||| READING 2 scrolls labelled NIF RIM NEGO.
   791 | D:1      | 791 ||| IDENTIFYING emerald potion
   792 | D:1      | 792 ||| READING scroll of identify.
   792 | D:1      | 792 ||| IDENTIFYING grey potion
   793 | D:1      | 793 ||| READING scroll labelled DAREIW DODOGUFOAS.
   894 | D:1      | 894 ||| READING 3 scrolls labelled ESETUL GEASUN.
   995 | D:1      | 995 ||| DRINKING 2 lumpy puce potions.
   996 | D:1      | 996 ||| DROPPING scroll of butterflies.
   997 | D:1      | 997 ||| DROPPING potion of lignification.
   998 | D:1      | 998 ||| DROPPING 2 scrolls of silence.
   999 | D:1      | 999 ||| DROPPING potion of attraction.
  1000 | D:1      | 1000 ||| DROPPING potion of brilliance.
  1042 | D:2      | 1042 ||| STAIRDANCE
  1046 | D:2      | Noticed Natasha
  1047 | D:2      | 1047 ||| STAIRDANCE
  1053 | D:1      | Reached skill level 7 in Ranged Weapons
  1057 | D:2      | Killed Natasha
  1058 | D:2      | Reached XP level 4. HP: 25/25 MP: 6/6
  1081 | D:2      | Noticed Natasha
  1086 | D:2      | Killed Natasha
  1087 | D:2      | Reached skill level 8 in Ranged Weapons
  1092 | D:2      | Noticed Natasha
  1095 | D:2      | Killed Natasha
  1096 | D:2      | Reached XP level 5. HP: 26/29 MP: 5/7
  1277 | D:2      | You fall into a shaft and drop 1 floor!
  1280 | D:3      | 1280 ||| PLANNING SEWER
  1321 | D:3      | Found a glowing drain.
  1353 | D:3      | 1353 ||| UPGRADING to +0 helmet.
  1397 | Sewer    | Entered a sewer
  1432 | Sewer    | Noticed Pargi
  1432 | Sewer    | Found the +2 hat of the Bear Spirit {Spirit, Bear, *Rage
                  | Will++}
  1443 | Sewer    | Killed Pargi
  1444 | Sewer    | Reached skill level 9 in Ranged Weapons
  1488 | Sewer    | Identified the +1 scale mail "Ekezoe" {Regen+ Str+3}
  1538 | Sewer    | 1538 ||| UPGRADING to +1 scale mail "Ekezoe" {Regen+
                  | Str+3}.
  1548 | Sewer    | 1548 ||| DROPPING +0 ring mail.
  1549 | Sewer    | 1549 ||| READING scroll labelled ETARHYRCHIU.
  1554 | Sewer    | 1554 ||| READING scroll labelled WOOFAGHO FOOGG.
  1554 | Sewer    | 1554 ||| ENCHANTING +1 pair of gloves.
  1555 | Sewer    | 1555 ||| READING scroll labelled EQIXYC CIEM.
  1578 | D:3      | 1578 ||| PLANNING D:1-11
  1608 | D:3      | Reached XP level 6. HP: 34/34 MP: 8/8
  1645 | D:2      | Reached skill level 1 in Armour
  1884 | D:2      | Noticed Jessica
  1886 | D:2      | Killed Jessica
  2037 | D:2      | 2037 ||| READING 2 scrolls labelled FIJATHOVUA.
  2038 | D:2      | 2038 ||| DRINKING 3 smoky orange potions.
  2039 | D:2      | 2039 ||| DROPPING scroll of blinking.
  2219 | D:3      | Found a bloodstained altar of Trog.
  2366 | D:3      | Identified the +1 ring mail of the Ant {rC+ Dex+3}
  2536 | D:3      | 2536 ||| UPGRADING to +1 ring mail of the Ant {rC+ Dex+3}.
  2546 | D:3      | 2546 ||| READING 2 scrolls of identify.
  2546 | D:3      | 2546 ||| IDENTIFYING bubbling pink potion
  2547 | D:3      | 2547 ||| READING scroll of identify.
  2547 | D:3      | 2547 ||| IDENTIFYING black potion
  2548 | D:3      | 2548 ||| READING scroll labelled KEBRYQ ZAGA.
  2549 | D:3      | 2549 ||| READING scroll labelled XIEHECSALE.
  2550 | D:3      | 2550 ||| DROPPING potion of invisibility.
  2552 | D:3      | 2552 ||| Stepping ~*~*~tactically~*~*~ (cloud).
  2639 | D:4      | 2639 ||| STAIRDANCE
  2675 | D:4      | 2675 ||| STAIRDANCE
  2697 | D:4      | 2697 ||| STAIRDANCE
  2710 | D:4      | Reached skill level 3 in Dodging
  2841 | D:4      | Reached skill level 10 in Ranged Weapons
  2960 | D:4      | 2960 ||| RETREEEEATING.
  2963 | D:4      | Reached XP level 7. HP: 33/40 MP: 6/9
  3061 | D:4      | Reached skill level 11 in Ranged Weapons
  3260 | D:4      | 3260 ||| UPGRADING to +0 pair of boots.
  3265 | D:4      | 3265 ||| DROPPING ring of flight.
  3269 | D:5      | Entered Level 5 of the Dungeon
  3465 | D:5      | HP: 8/40 [orc/+0 flail (5)]
  3466 | D:5      | 3466 ||| READING 2 scrolls of teleportation.
  3467 | D:5      | HP: 2/40 [poisoned by a scorpion]
  3468 | D:5      | Slain by a scorpion

Levels and vault maps discovered:
D:1:      dpeg_arrival_rhombi, layout_loops_ring, shapermc_ecumenical_altar_venn
D:2:      layout_basic, hex_large, uniq_jessica, uniq_natasha
D:3:      layout_basic, mainiacjoe_overflow_brackets, gup_sewer_entry_glass
D:4:      nicolae_cairo_tiling_large, layout_rooms
D:5:      layout_basic, nicolae_overflow_guarded_unrand_okawaru_victory,
          minmay_temple_entry_slanted, st_stairs_12

Skill      XL: |  1  2  3  4  5  6  7 |
---------------+----------------------+-----
Ranged Weapons | 6 7 8 9 10 11 | 11.8
Armour         | 1 |  1.0
Fighting       | 2 |  2.0
Dodging        | 3 4 |  4.0
Stealth        | |  1.2

Action                     |  1- 3 |  4- 6 |  7- 9 || total
---------------------------+-------+-------+-------++-------
   Fire: Shortbow          |   103 |   150 |    45 ||   298
    Use: Scroll            |     7 |     8 |     1 ||    16
         Potion            |     1 |     1 |       ||     2
 Armour: Leather armour    |    25 |       |       ||    25
         Ring mail         |     8 |    97 |    19 ||   124
         Scale mail        |       |     9 |       ||     9
  Dodge: Dodged            |    32 |    92 |    24 ||   148

Table legend:
 A = Non-vault XP
 B = Vault XP
 C = Vault XP percentage of total XP
 D = Non-vault monster count
 E = Vault monster count
 F = Vault count percentage of total count
                 A         B        C        D         E       F
            +---------+---------+-------+---------+---------+-------
      Total |    1031 |     239 |  18.8 |      95 |      13 |  12.0
            +---------+---------+-------+---------+---------+-------
        D:1 |      51 |       0 |   0.0 |      31 |       0 |   0.0
        D:2 |     157 |      73 |  31.7 |      20 |       2 |   9.1
        D:3 |      59 |      22 |  27.2 |      21 |       5 |  19.2
        D:4 |     490 |       0 |   0.0 |      19 |       0 |   0.0
        D:5 |     274 |       0 |   0.0 |       4 |       0 |   0.0
      Sewer |       0 |     144 | 100.0 |       0 |       6 | 100.0
            +---------+---------+-------+---------+---------+-------
